 Dungeon Crawl Stone Soup version 0.29.1-2-gbd0b4ee654 (webtiles) character file.

Game seed: 11807586009324097049

447 concernfroge the Trooper (level 6, -24/56 HPs)
             Began as a Mummy Monk on Nov 20, 2022.
             Killed by an exploding dart slug (39 damage)
             ... ignited by their inner flame
             ... on level 5 of the Dungeon.
             The game lasted 00:17:44 (4691 turns).

concernfroge the Trooper (Mummy Monk)               Turns: 4691, Time: 00:17:47

Health: -24/56     AC:  8    Str: 16    XL:     6   Next: 73%
Magic:  6/6        EV:  7    Int: 16    God:
Gold:   271        SH:  0    Dex: 20    Spells: 5/5 levels left

rFire   x . .      SeeInvis .   a - +0 spear
rCold   . . .      Faith    .   (no shield)
rNeg    + + +      Spirit   .   h - +0 chain mail
rPois   ∞          Reflect  .   (no helmet)
rElec   +          Harm     .   (no cloak)
rCorr   .          Rampage  .   (no gloves)
Will    .....                   (no boots)
Stlth   ..........              (no amulet)
HPRegen 0.18/turn               i - ring of Qenurun {rElec rC- Int+6 Dex+6}
MPRegen 0.10/turn               (no ring)

@: no status effects
A: cold resistance 1, negative energy resistance 3, torment resistance 2, heat
vulnerability 1, in touch with death 1, no potions
a: no special abilities


You were on level 5 of the Dungeon.
You visited 1 branch of the dungeon, and saw 6 of its levels.

You collected 271 gold pieces.

Inventory:

Hand Weapons
 a - a +0 spear (weapon)
Missiles
 j - 17 poisoned darts (quivered)
Armour
 h - a +0 chain mail (worn)
Jewellery
 i - the ring of Qenurun (left hand) {rElec rC- Int+6 Dex+6}
   (You found it on level 3 of the Dungeon)

   [ring of intelligence]

   Int:       It affects your intelligence (+6).
   Dex:       It affects your dexterity (+6).
   rC:        It makes you vulnerable to cold.
   rElec:     It insulates you from electricity.
Wands
 f - a wand of paralysis (2)
Scrolls
 c - 6 scrolls of identify {unknown}
 e - 3 scrolls of teleportation {unknown}
 g - a scroll of noise {unknown}


   Skills:
 + Level 7.7 Fighting
 - Level 2.4 Polearms
 - Level 2.4 Dodging
 - Level 1.5 Stealth


You had 5 spell levels left.
You didn't know any spells.
Your spell library contained the following spells:

 Spells                   Type           Power      Damage    Failure   Level
 Slow                     Hex            0%         N/A       99%         1
 Scorch                   Fire           0%         2d5       100%        2
 Confusing Touch          Hex            0%         N/A       100%        3
 Ignite Poison            Fire/Tmut/Pois 0%         N/A       100%        3
 Mephitic Cloud           Conj/Pois/Air  0%         N/A       100%        3
 Vampiric Draining        Necr           0%         2d6       100%        3
 Flame Wave               Conj/Fire      0%         2d4       100%        4
 Freezing Cloud           Conj/Ice/Air   0%         6-21      100%        5
 Summon Cactus Giant      Summ           0%         N/A       100%        6
 Summon Hydra             Summ           0%         N/A       100%        7
 Sublimation of Blood     Necr           Unusable   N/A       N/A         2
 Wereblood                Tmut           Unusable   N/A       N/A         2

Dungeon Overview and Level Annotations

Branches:
Dungeon (6/15)
 Temple: D:4-7

Altars:

Annotations:
D:4 Blork the orc
D:6 Edmund


Innate Abilities, Weirdness & Mutations

You are immune to poison.
Your flesh is cold resistant. (rC+)
You are immune to negative energy. (rN+++)
You are immune to unholy pain and torment.
You are vulnerable to heat. (rF-)
You are in touch with the powers of death.
You do not drink.


Message History

You hit the dart slug but do no damage.
The dart slug is heavily wounded.
The orc hits you with a +0 flail.
The dart slug bites you but does no damage.
You hit the dart slug but do no damage.
The dart slug is heavily wounded.
The orc hits you but does no damage. The dart slug bites you.
You completely miss the dart slug.
The dart slug is heavily wounded.
The orc barely misses you.
You completely miss the dart slug.
The dart slug is heavily wounded.
The orc hits you with a +0 flail. The dart slug barely misses you.
As you read the scroll labelled GOEXYTW DYLA, it crumbles to dust.
The creatures around you are filled with an inner flame!
It was a scroll of immolation.
The orc closely misses you. The dart slug barely misses you.
As you read the scroll labelled ZYLOSE SEAN, it crumbles to dust.
You feel a surge of unholy energy.
The dart slug convulses!
Flame seeps out of the dart slug.
The orc convulses!
Flame seeps out of the orc.
The orc convulses!
Flame seeps out of the orc.
The orc priest convulses!
Flame seeps out of the orc priest.
It was a scroll of torment.
The orc priest is engulfed in blazing flames.
Flame seeps out of the orc priest.
The orc priest looks encouraged for a moment.
The orc is engulfed in blazing flames.
The orc explodes!
The fiery explosion engulfs the orc!!
The fiery explosion engulfs the orc priest!!
The orc priest explodes!
The orc explodes!
The fiery explosion engulfs you! The fire burns you terribly!
You hear a shout!
The orc hits you with a +0 flail.
* * * LOW HITPOINT WARNING * * *
The dart slug is engulfed in blazing flames.
The dart slug explodes!
The fiery explosion engulfs you!!! The fire burns you terribly!
Ouch! That really hurt!
You die...

..# #.# #.# #.# #.#
#.## # #..#
#############.# ##.#
#.....§○○§○§..#### #.#
#.#####○##@§......
#.####.#####.##o##.####
##.#.....o...........#
....>...o.....##.##!.
.....##o#####.#...#.
##.####.#####.......
#.# #...(....!....[ #.#
########.....## ##.#
#...##


You could see an orc (inner flame).

Vanquished Creatures
  A black bear (D:5)
  A water moccasin zombie (D:3)
  2 orc priests (D:5)
  3 iguanas (D:5)
  5 adders
  An adder zombie (D:3)
  An adder skeleton (D:3)
  2 worms
  4 dart slugs
  9 orcs
  10 ball pythons
  10 endoplasms
  4 giant cockroaches
  4 goblins
  7 hobgoblins
  2 jackals (D:2)
  3 quokkas
  8 bats
  4 frilled lizards
  A jackal skeleton (D:3)
  7 kobolds
  2 quokka skeletons (D:3)
  2 rats
93 creatures vanquished.

Vanquished Creatures (others)
  A withered plant (D:3)
1 creature vanquished.

Grand Total: 94 creatures vanquished

Notes
Turn   | Place    | Note
-------+----------+-------------------------------------------
     0 | D:1      | concernfroge the Mummy Monk began the quest for the Orb.
     0 | D:1      | Reached XP level 1. HP: 18/18 MP: 1/1
   293 | D:1      | Reached XP level 2. HP: 24/24 MP: 2/2
   747 | D:1      | Reached skill level 4 in Fighting
  1038 | D:2      | Gained mutation: You are in touch with the powers of death.
                  | [Mummy growth]
  1038 | D:2      | Reached XP level 3. HP: 25/30 MP: 3/3
  1616 | D:2      | Reached XP level 4. HP: 38/38 MP: 4/4
  1630 | D:2      | Reached skill level 5 in Fighting
  2382 | D:3      | Reached XP level 5. HP: 13/46 MP: 5/5
  2777 | D:3      | Reached skill level 6 in Fighting
  2969 | D:3      | Identified the ring of Qenurun {rElec rC- Int+6 Dex+6}
  3238 | D:4      | Noticed Blork the orc
  3734 | D:5      | Entered Level 5 of the Dungeon
  3777 | D:5      | Noticed a black bear
  3800 | D:5      | Killed a black bear
  3801 | D:5      | Reached skill level 7 in Fighting
  3801 | D:5      | Reached XP level 6. HP: 53/55 MP: 6/6
  4671 | D:6      | Noticed Edmund
  4691 | D:5      | Killed by an exploding dart slug... ignited by their inner
                  | flame

Illustrated notes

Levels and vault maps discovered:
D:1:      eino_arrival_water_star, layout_rooms
D:2:      layout_basic, minmay_tromino_i4
D:3:      layout_basic, serial_undead, serial_undead_e, serial_undead_f,
          serial_undead_c, serial_undead_a, grunt_ministairs_14
D:4:      layout_rooms, elyvilon_altar_3, chequers_garden, uniq_blork_the_orc
D:5:      layout_loops_ring, minmay_temple_entry_hall
D:6:      layout_cave_pods, chequers_temple_overflow_statue_of_worship,
          uniq_edmund, uniq_prince_ribbit1

Skill      XL: |  1  2  3  4  5 |
---------------+----------------+-----
Fighting       | 4 5 7 |  7.7
Polearms       | |  2.4
Dodging        | |  2.4
Stealth        | |  1.5

Action                   |  1- 3 |  4- 6 || total
-------------------------+-------+-------++-------
Melee: Spear             |   169 |   321 ||   490
       Punch             |     2 |     2 ||     4
Evoke: Wand              |       |     7 ||     7
  Use: Scroll            |       |     2 ||     2
 Stab: Sleeping          |     2 |       ||     2
       Paralysed         |       |    28 ||    28
Armor: Robe              |     7 |       ||     7
       Chain mail        |    37 |   135 ||   172
Dodge: Dodged            |    60 |    83 ||   143
